 Dungeon Crawl Stone Soup version 0.23-a0-712-g3a644c0 (console) character file.

6005 Voker57 the Blocker (level 10, -4/79 HPs)
             Began as a Demonspawn Gladiator on Jan 15, 2019.
             Was a Priest of Makhleb.
             Killed by divine providence
             ... invoked by a meliai
              (15 damage)
             ... on level 10 of the Dungeon.
             The game lasted 00:16:57 (9940 turns).

Voker57 the Blocker (Demonspawn Gladiator)          Turns: 9940, Time: 00:16:58

Health: -4/79      AC:  8    Str: 14    XL:     10   Next: 56%
Magic:  15/15      EV: 12    Int: 10    God:    Makhleb [***...]
Gold:   564        SH: 21    Dex: 18    Spells: 9/9 levels left

rFire    . . .     SeeInvis .   F - +6 flail
rCold    + + .     Gourm    .   p - +1 large shield
rNeg     . . .     Faith    .   I - +0 ring mail
rPois    .         Spirit   .   y - +2 helmet of Servitude {MR+}
rElec    .         Reflect  .   (no cloak)
rCorr    .         Harm     .   (no gloves)
MR       +....                  (no boots)
Stlth    +.........             H - amulet of magic regeneration
HPRegen  0.23/turn              i - ring of protection from cold
MPRegen  0.39/turn              (no ring)

@: no status effects
A: talons 2, large bone plates 1, cold resistance 1, demonic guardian 1,
freezing cloud immunity
a: Minor Destruction, Lesser Servant of Makhleb, Renounce Religion


You were on level 10 of the Dungeon.
You worshipped Makhleb.
Makhleb was most pleased with you.
You were near starving.

You visited 1 branch of the dungeon, and saw 10 of its levels.

You collected 564 gold pieces.

Inventory:

Hand Weapons
 a - a +0 long sword
 F - a +6 flail (weapon)
Armour
 b - a +0 leather armour
 c - a +0 helmet
 p - a +1 large shield (worn)
 y - the +2 helmet of Servitude (worn) {MR+}
   (You found it on level 9 of the Dungeon)

   It affects your resistance to hostile enchantments.
 I - a +0 ring mail (worn)
Jewellery
 i - a ring of protection from cold (left hand)
 q - an uncursed amulet of the acrobat
 H - an amulet of magic regeneration (around neck)
Wands
 d - a wand of digging (1)
 C - a wand of flame (40)
 E - a wand of random effects (16)
Scrolls
 e - a scroll of immolation
 g - a scroll of fog
 j - 3 scrolls of enchant weapon
 k - 6 scrolls of teleportation
 n - a scroll of blinking
 o - 9 scrolls of identify
 s - 2 scrolls of amnesia
 t - 8 scrolls of remove curse
 u - 3 scrolls of fear
Potions
 h - a potion of mutation {unknown}
 l - a potion of lignification
 m - a potion of ambrosia {unknown}
 r - 3 potions of brilliance {unknown}
 v - 2 potions of heal wounds
 w - 3 potions of magic {unknown}
 x - a potion of haste
 z - a potion of cancellation {unknown}
 A - a potion of resistance {unknown}
 D - a potion of berserk rage {unknown}
 G - 4 potions of curing
 K - a potion of agility {unknown}
Comestibles
 f - 17 rations


   Skills:
 + Level 7.2 Fighting
 - Level 3.1 Long Blades
 + Level 4.4 Maces & Flails
 - Level 1.7 Throwing
 + Level 6.9 Dodging
 * Level 8.9 Shields
 - Level 7.1 Invocations
 - Level 2.0 Evocations


You had 9 spell levels left.
You didn't know any spells.
Your spell library contained the following spells:

 Spells                   Type           Power        Failure   Level  Hunger
 Corona                   Hex            #......      99%         1    ##.....
 Slow                     Hex            #.......     100%        2    ###....
 Inner Flame              Hex/Fire       #.......     100%        3    ####...
 Portal Projectile        Hex/Tloc       #.....       100%        3    ####...
 Cause Fear               Hex            #.........   100%        4    #####..
 Leda's Liquefaction      Hex/Erth       #.........   100%        4    #####..


Dungeon Overview and Level Annotations

Branches:
Dungeon (10/15)            Temple (0/1) D:6
   Lair: D:8-11         Orc: D:9-12

Altars:
Dithmenos
Makhleb
Nemelex Xobeh
Okawaru
Qazlal
Ru
Wu Jian
Xom
The Shining One
Lugonu

Shops:
D:9 :

Annotations:
D:9 2 transporters


Innate Abilities, Weirdness & Mutations

You have razor-sharp toenails.
You are partially covered in large bone plates. (SH +4)
Your flesh is cold resistant. (rC+)
A weak demonic guardian rushes to your aid.
You are immune to freezing clouds.


Message History

The meliai misses your ufetubus. You block the meliai's attack.
The meliai closely misses your shadow imp.
The meliai calls down the wrath of its god upon you.
Something smites you!
* * * LOW HITPOINT WARNING * * *
The meliai hits your ufetubus with a +0 antimagic hand axe!
Your ufetubus dies!
The meliai calls down the wrath of its god upon you.
Something smites you!
* * * LOW HITPOINT WARNING * * *
Your shadow imp barely misses the meliai.
You block the meliai's attack.
The meliai closely misses your shadow imp.
The meliai hits your quasit with a +0 hand axe.
You block the meliai's attack.
The meliai calls upon its god to heal the meliai.
The meliai is healed somewhat.
The meliai mumbles some strange prayers to its god against you.
Something smites you!
You die...

#..# #.. #.........
#..........
..#........
#.#.......
#.#....... ###+#
#.#....# ....
#@#$...#
#######.#####..yyy.#
..............5c5..#
..........#####.>..#
..........# #....#
###....### ######
#....# #....# #....#
#...<#


You could see 3 meliai, a centaur, a friendly quasit and a friendly shadow imp.

Vanquished Creatures
  2 two-headed ogres
  Joseph (D:9)
  Grinder (D:4)
  3 hippogriffs
  A wyvern (D:9)
  4 yaks (D:9)
  2 water moccasins
  An ice beast (D:7)
  A necrophage (D:8)
  3 ogres
  A phantom (D:6)
  A centaur (D:7)
  3 bullfrogs
  6 scorpions
  5 wights (D:6)
  6 howler monkeys
  4 crimson imps
  A centaur zombie (D:7)
  A quasit (D:4)
  5 orc priests
  3 hounds
  A jelly (D:3)
  2 centaur skeletons
  9 orc wizards
  5 worker ants
  Robin (D:2)
  3 gnolls (D:8)
  9 adders
  A river rat (D:9)
  3 shadow imps
  An ooze (D:2)
  3 adder skeletons
  A worm (D:4)
  21 orcs
  4 bats
  6 giant cockroaches
  14 goblins
  9 hobgoblins
  2 iguanas
  6 jackals
  A quokka (D:7)
  6 frilled lizards
  9 kobolds
  A leopard gecko skeleton (D:4)
  3 rats
176 creatures vanquished.

Vanquished Creatures (collateral kills)
  A centaur zombie (D:10)
  A swamp drake (D:9)
  2 bullfrogs
  A jelly (D:3)
  A centaur skeleton (D:5)
  A gnoll shaman (D:8)
  A hound (D:4)
  An orc wizard (D:4)
  2 gnolls (D:8)
  A leopard gecko (D:4)
  4 orcs
  A hobgoblin (D:2)
  2 jackals (D:4)
19 creatures vanquished.

Grand Total: 195 creatures vanquished

Notes
Turn   | Place    | Note
-------+----------+-------------------------------------------
     0 | D:1      | Voker57 the Demonspawn Gladiator began the quest for the
                  | Orb.
     0 | D:1      | Reached XP level 1. HP: 16/16 MP: 1/1
   205 | D:1      | Gained mutation: A weak demonic guardian rushes to your
                  | aid. [demonic ancestry]
   205 | D:1      | Reached XP level 2. HP: 22/22 MP: 2/2
   964 | D:2      | Reached skill level 1 in Shields
   964 | D:2      | Gained mutation: You have sharp toenails. [demonic
                  | ancestry]
   964 | D:2      | Reached XP level 3. HP: 10/28 MP: 3/3
   987 | D:2      | HP: 1/28 [kobold (2)]
  1101 | D:2      | Noticed Robin
  1129 | D:2      | Killed Robin
  1291 | D:2      | Found an ornate altar of the Wu Jian Council.
  1291 | D:2      | Found a sacrificial altar of Ru.
  1302 | D:2      | Gained mutation: Your flesh is cold resistant. (rC+)
                  | [demonic ancestry]
  1302 | D:2      | Reached XP level 4. HP: 23/34 MP: 4/4
  1484 | D:2      | Found a shadowy altar of Dithmenos.
  1701 | D:3      | Reached skill level 2 in Shields
  1783 | D:3      | Gained mutation: You are partially covered in large bone
                  | plates. (SH +4) [demonic ancestry]
  1783 | D:3      | Reached XP level 5. HP: 34/41 MP: 5/5
  1786 | D:3      | Found a shimmering altar of Xom.
  1936 | D:3      | Found an iron altar of Okawaru.
  2577 | D:4      | Reached skill level 3 in Shields
  2672 | D:4      | Noticed Grinder
  2679 | D:4      | Paralysed by Grinder for 5 turns
  2699 | D:4      | Killed Grinder
  2699 | D:4      | Reached XP level 6. HP: 32/48 MP: 6/6
  3065 | D:4      | Found a shimmering altar of Xom.
  3065 | D:4      | Found a burning altar of Makhleb.
  3069 | D:4      | Reached skill level 4 in Shields
  3146 | D:4      | Became a worshipper of Makhleb the Destroyer
  3236 | D:4      | Reached skill level 1 in Invocations
  3236 | D:4      | Gained mutation: You are immune to freezing clouds.
                  | [demonic ancestry]
  3236 | D:4      | Reached XP level 7. HP: 6/54 MP: 7/7
  3842 | D:4      | Found a glowing golden altar of the Shining One.
  4380 | D:5      | Entered Level 5 of the Dungeon
  4611 | D:5      | Reached * piety under Makhleb
  5378 | D:6      | Reached skill level 5 in Shields
  5444 | D:6      | Reached skill level 1 in Evocations
  5448 | D:6      | Reached XP level 8. HP: 61/61 MP: 10/10
  5743 | D:6      | Reached skill level 5 in Dodging
  5774 | D:6      | Reached skill level 5 in Fighting
  5866 | D:6      | Found a staircase to the Ecumenical Temple.
  5892 | D:6      | Reached skill level 6 in Shields
  6071 | D:6      | Reached skill level 1 in Maces & Flails
  6252 | D:7      | Found a sacrificial altar of Ru.
  6288 | D:7      | Reached ** piety under Makhleb
  6513 | D:7      | Found a stormy altar of Qazlal.
  6525 | D:7      | Gained mutation: You have razor-sharp toenails. [demonic
                  | ancestry]
  6525 | D:7      | Reached XP level 9. HP: 68/68 MP: 12/12
  6531 | D:7      | Reached skill level 5 in Invocations
  7045 | D:8      | Reached skill level 7 in Shields
  7316 | D:8      | Noticed a two-headed ogre
  7338 | D:8      | HP: 3/69 [two-headed ogre/+0 dire flail (17)]
  7346 | D:8      | Killed a two-headed ogre
  8114 | D:9      | Found a sparkling altar of Nemelex Xobeh.
  8483 | D:9      | Found Myugg's Book Shoppe.
  8546 | D:9      | Reached skill level 8 in Shields
  8546 | D:9      | Reached XP level 10. HP: 77/77 MP: 14/14
  8547 | D:9      | Noticed Joseph
  8580 | D:9      | Killed Joseph
  9008 | D:9      | Found a transporter.
  9009 | D:9      | Noticed a red ugly thing
  9010 | D:9      | Found a transporter.
  9072 | D:9      | Reached *** piety under Makhleb
  9099 | D:9      | Got a pitted helmet
  9110 | D:9      | Identified the +2 helmet of Servitude {MR+} (You found it
                  | on level 9 of the Dungeon)
  9186 | D:9      | Found a corrupted altar of Lugonu.
  9187 | D:9      | Noticed a cyan ugly thing
  9891 | D:10     | Entered Level 10 of the Dungeon
  9910 | D:10     | Noticed a two-headed ogre
  9923 | D:10     | Killed a two-headed ogre
  9940 | D:10     | Killed from afar by a meliai

Vault maps used:
D:1:      eino_arrival_cavern_b
D:2:      nicolae_overflow_hidden_temple, grunt_temple_overflow_open,
          first_ration, uniq_robin
D:3:      wad_pebble_path, okawaru_gym_becter, dk_xom_monty_hall
D:4:      grunt_temple_overflow_champion_of_chaos, overflow_temple_1_default,
          uniq_grinder
D:6:      minmay_temple_entry_overgrown, hangedman_decor_growths
D:7:      nicolae_qazlal_general_emergency, nicolae_ru_awakened_eye
D:9:      gammafunk_corrupted_shrine, nemelex_xobeh_ov_fountains_minmay,
          serial_corexii_hall, chequers_hall_statues_corner_a,
          corexii_hall_statues_u, serial_shops, shop, uniq_joseph
D:10:     minmay_the_grid_3x2, ebering_ghost_funeral_grove

Skill      XL: |  1  2  3  4  5  6  7  8  9 10 |
---------------+-------------------------------+-----
Long Blades    | 3 |  3.1
Dodging        | 3 4 5 6 |  6.9
Shields        | 1 2 3 4 5 6 8 |  8.9
Fighting       | 3 4 5 6 7 |  7.2
Invocations    | 1 3 4 6 7 |  7.1
Evocations     | 1 2 |  2.0
Maces & Flails | 1 3 4 |  4.4
Throwing       | |  1.7

Action                   |  1- 3 |  4- 6 |  7- 9 | 10-12 || total
-------------------------+-------+-------+-------+-------++-------
Melee: Long sword        |   114 |   102 |   225 |       ||   441
       Kick              |     8 |    35 |   132 |    39 ||   214
       Flail             |       |       |   145 |    98 ||   243
Throw: Throwing net      |     5 |     1 |     2 |       ||     8
Invok: Minor Destruction |       |       |    11 |    13 ||    24
       Lesser Servant of |       |       |       |     1 ||     1
Evoke: Wand              |       |       |    10 |     3 ||    13
  Use: Potion            |     4 |     2 |       |       ||     6
       Scroll            |       |     2 |    12 |     1 ||    15
 Stab: Distracted        |       |     1 |     1 |       ||     2
  Eat: Chunk             |     1 |     6 |    18 |     3 ||    28
Armor: Leather armour    |    33 |     8 |    36 |       ||    77
       Skin              |    15 |       |       |       ||    15
       Ring mail         |       |       |    22 |    23 ||    45
Dodge: Dodged            |    45 |    25 |   123 |    33 ||   226
Block: Large shield      |    51 |    83 |   426 |   121 ||   681
       Rpst.: Long sword |    14 |     8 |    27 |       ||    49

Table legend:
 A = Non-vault XP
 B = Vault XP
 C = Vault XP percentage of total XP
 D = Non-vault monster count
 E = Vault monster count
 F = Vault count percentage of total count
                 A         B        C        D         E       F
            +---------+---------+-------+---------+---------+-------
      Total |    7767 |     812 |   9.5 |     177 |      18 |   9.2
            +---------+---------+-------+---------+---------+-------
        D:1 |      19 |       0 |   0.0 |      13 |       0 |   0.0
        D:2 |      74 |      36 |  32.7 |      21 |      12 |  36.4
        D:3 |      76 |      74 |  49.3 |       6 |       3 |  33.3
        D:4 |     453 |     252 |  35.7 |      33 |       2 |   5.7
        D:5 |     156 |       0 |   0.0 |      11 |       0 |   0.0
        D:6 |    1275 |       0 |   0.0 |      29 |       0 |   0.0
        D:7 |     979 |       0 |   0.0 |      20 |       0 |   0.0
        D:8 |    1450 |       0 |   0.0 |      19 |       0 |   0.0
        D:9 |    2174 |     450 |  17.1 |      23 |       1 |   4.2
       D:10 |    1111 |       0 |   0.0 |       2 |       0 |   0.0
            +---------+---------+-------+---------+---------+-------
